 Dungeon Crawl Stone Soup version 0.31.0-12-g77e489cdc1 (webtiles) character file.

Game seed: 5292138325876549593

5582 Logoto the Cleaver (level 10, 0/77 HPs)
             Began as a Hill Orc Fire Elementalist on Feb 19, 2024.
             Was a Follower of Beogh.
             Succumbed to Sonja's curare-tipped dart
             ... on level 10 of the Dungeon.
             The game lasted 00:43:38 (10220 turns).

Logoto the Cleaver (Hill Orc Fire Elementalist)    Turns: 10220, Time: 00:43:39

Health: 0/77       AC:  7    Str: 22    XL:     10   Next: 72%
Magic:  18/20      EV: 12    Int: 21    God:    Beogh [*.....]
Gold:   571        SH:  0    Dex: 11    Spells: 8/22 levels left

rFire   + . .        M - +3 hand axe (holy)
rCold   . . .        (no shield)
rNeg    . . .        k - +1 leather armour {rF+}
rPois   .            N - +0 hat
rElec   +            P - +1 cloak
rCorr   .            p - +0 pair of gloves
SInv    .            (no boots)
Will    .....        E - amulet of magic regeneration
Stlth   ++           y - ring of Teqy {rElec Int+6}
HPRegen 0.32/turn    K - +6 ring of strength
MPRegen 0.57/turn

%: no passive effects
@: lethally poisoned (0 -> -16), on blink cooldown, slowed, very slow
A: no striking features
a: Renounce Religion


You were on level 10 of the Dungeon.
You worshipped Beogh.
Beogh was aware of your devotion.
You visited 1 branch of the dungeon, and saw 10 of its levels.

You collected 661 gold pieces.
You spent 90 gold pieces at shops.

Inventory:

Hand Weapons
 a - a +2 dagger of venom
 f - a +3 short sword
 I - a +4 dagger
 M - a +3 hand axe of holy wrath (weapon)
Armour
 k - a +1 leather armour of fire resistance (worn)
 p - a +0 pair of gloves (worn)
 N - a +0 hat (worn)
 P - a +1 cloak (worn)
Jewellery
 d - a +5 ring of evasion
 g - a ring of poison resistance
 n - an amulet of reflection
 w - a ring of see invisible
 y - the ring of Teqy (left hand) {rElec Int+6}
   (You found it on level 4 of the Dungeon)

   [ring of intelligence]

   Int+6:     It affects your intelligence (+6).
   rElec:     It insulates you from electricity.
 B - a +5 ring of evasion
 E - an amulet of magic regeneration (around neck)
 K - a +6 ring of strength (right hand)
Wands
 F - a wand of mindburst (21)
 L - a wand of acid (16)
 O - a wand of roots (5)
Scrolls
 e - a scroll of fog {unknown}
 h - a scroll of poison {unknown}
 i - 2 scrolls of fear {unknown}
 m - 8 scrolls of teleportation {unknown}
 o - 2 scrolls of noise {unknown}
 s - 6 scrolls of identify
 t - 2 scrolls of acquirement {unknown}
 u - 3 scrolls of blinking {unknown}
 v - a scroll of vulnerability {unknown}
 x - a scroll of torment {unknown}
 z - a scroll of enchant weapon {unknown}
 A - a scroll of amnesia {unknown}
 D - 3 scrolls of immolation {unknown}
 H - a scroll of revelation {unknown}
Potions
 b - 2 potions of magic
 c - a potion of berserk rage {unknown}
 j - a potion of resistance {unknown}
 q - a potion of invisibility {unknown}
 r - 2 potions of heal wounds {unknown}
 C - 2 potions of enlightenment {unknown}
 G - 3 potions of brilliance {unknown}
 J - a potion of attraction {unknown}


   Skills:
 + Level 3.6 Fighting
 + Level 3.5 Short Blades
 * Level 9.1 Axes
 + Level 3.5 Armour
 + Level 2.5 Dodging
 + Level 2.1 Stealth
 + Level 0.8 Shields
 + Level 6.7 Spellcasting
 + Level 2.8 Conjurations
 + Level 2.6 Translocations
 + Level 8.8 Fire Magic


You had 8 spell levels left.
You knew the following spells:

 Your Spells              Type           Power      Damage    Failure   Level
a - Foxfire               Conj/Fire      100%       2x1d9     1%          1
b - Scorch                Fire           88%        2d8       1%          2
c - Slow                  Hex            28%        N/A       10%         1
d - Blink                 Tloc           36%        N/A       5%          2
e - Volatile Blastmotes   Fire/Tloc      62%        2d15      3%          3
f - Freeze                Ice            28%        1d5       11%         1
g - Flame Wave            Conj/Fire      31%        2d9       10%         4

Your spell library contained the following spells:

 Spells                   Type           Power      Damage    Failure   Level
 Inner Flame              Hex/Fire       25%        N/A       4%          3
 Lesser Beckoning         Tloc           36%        N/A       5%          2
 Momentum Strike          Conj/Tloc      36%        3d9       5%          2
 Static Discharge         Conj/Air       26%        3-5/arc   9%          2
 Hailstorm                Conj/Ice       13%        3d6       17%         3
 Sticky Flame             Fire/Alch      25%        2d6       17%         4
 Confusing Touch          Hex            7%         N/A       30%         3
 Frozen Ramparts          Ice            14%        1d3       30%         3
 Sigil of Binding         Hex            7%         N/A       30%         3
 Summon Ice Beast         Ice/Summ       7%         N/A       30%         3
 Tukima's Dance           Hex            7%         N/A       30%         3
 Vampiric Draining        Necr           7%         2d6       30%         3
 Iskenderun's Mystic Bla  Conj/Tloc      18%        2d6       34%         4
 Fulminant Prism          Conj/Alch      6%         3d7       50%         4
 Dimensional Bullseye     Hex/Tloc       6%         N/A       52%         4
 Airstrike                Air            3%         2d(1-17)  71%         4
 Summon Lightning Spire   Summ/Air       7%         N/A       71%         4
 Summon Mana Viper        Hex/Summ       7%         N/A       96%         5
 Monstrous Menagerie      Summ           3%         N/A       100%        7


Dungeon Overview and Level Annotations

Branches:
Dungeon (10/15)            Temple (0/1) D:6
   Lair: D:8-11         Orc: D:9-12

Altars:
Elyvilon
Fedhas
Nemelex Xobeh
Okawaru
Trog
Uskayaw
Wu Jian
Zin
The Shining One

Annotations:
D:10 Sonja


Message History

You have difficulty breathing.
* * * LOW HITPOINT WARNING * * *
You feel as though you will be slow longer.
You hit Sonja.
Sonja is lightly wounded.
You feel very sick.
Sonja hits you with a +0 dagger of distortion.
* * * LOW HITPOINT WARNING * * *
Space warps around you!
* * * LOW HITPOINT WARNING * * *
Sonja barely misses you. Sonja hits you but does no damage.
Space warps around you.
* * * LOW HITPOINT WARNING * * *
Sonja shouts, "Too slow!"
Sonja closely misses you. x2; Sonja hits you but does no damage.
Space warps around you.
* * * LOW HITPOINT WARNING * * *
Press: ? - help, v - describe, . - travel
Here: Sonja, wielding a +0 dagger of distortion and quivering curare-tipped darts (lightly wounded)
The floor.
Cleave: M) +3 hand axe (holy)
Press: ? - help, Dir - move target, f - Sonja
Aim: Sonja, wielding a +0 dagger of distortion and quivering curare-tipped darts (lightly wounded, about 77% to evade your +3 hand axe of holy wrath)
Okay, then.
Press: ? - help, v - describe, . - travel
Here: Sonja, wielding a +0 dagger of distortion and quivering curare-tipped darts (lightly wounded)
The floor.
Unknown command.
You feel better.
Sonja casts a spell.
Sonja blinks!
Sonja throws a curare-tipped dart.
The curare-tipped dart hits you.
You are lethally poisoned!
You have difficulty breathing.
* * * LOW HITPOINT WARNING * * *
You feel as though you will be slow longer.
Casting: Scorch (safe; 1% risk of failure)
Confirm with . or Enter, or press ? or * to list all spells.
You blink.
You die...

....###..# #...##########.....
.....#...# #...# #.....
#........# #...# #####!
..+......# #...# # #.#...#..#
#...### #.#...#..# #.....#
#.#...#..# #.....#
#.#####..######.....###
#...............@.....+
......................#
......................########
......................ยง.......
####............K.............
#..........................
#...........######+########
#........... #...........


You could see Sonja.

Vanquished Creatures
  A two-headed ogre (D:8)
  A komodo dragon (D:7)
  3 hornets
  3 wraiths
  7 yaks
  2 wyverns (D:9)
  An acid dragon (D:9)
  3 orc warriors
  An ice beast (D:7)
  A sky beast (D:8)
  A black bear (D:4)
  4 ogres
  A centaur (D:7)
  A kobold brigand (D:9)
  A bullfrog (D:7)
  2 scorpions
  7 killer bees
  5 howler monkeys
  4 bombardier beetles
  A hound (D:5)
  An orc priest (D:8)
  3 iguanas
  2 sleepcaps
  5 orc wizards
  3 gnolls (D:6)
  7 adders
  3 dart slugs
  2 ribbon worms
  14 orcs
  8 endoplasms
  5 giant cockroaches
  7 goblins
  4 hobgoblins
  10 jackals
  7 quokkas
  5 ball pythons
  4 bats
  3 frilled lizards
  10 kobolds
  4 rats
157 creatures vanquished.

Vanquished Creatures (collateral kills)
  A foxfire (D:1)
1 creature vanquished.

Vanquished Creatures (others)
  An orc (D:6)
  298 foxfires
299 creatures vanquished.

Grand Total: 457 creatures vanquished

Notes
Turn   | Place    | Note
-------+----------+-------------------------------------------
     0 | D:1      | Logoto the Hill Orc Fire Elementalist began the quest for
                  | the Orb.
     0 | D:1      | Reached XP level 1. HP: 14/14 MP: 3/3
   179 | D:1      | Reached XP level 2. HP: 20/20 MP: 0/4
   921 | D:2      | Reached XP level 3. HP: 26/26 MP: 0/5
  1004 | D:2      | Identified the ring "Vawedig" {rC+ Will+ rCorr Str-5}
  1096 | D:2      | Learned a level 2 spell: Scorch
  1344 | D:2      | You fall into a shaft and drop 1 floor!
  1560 | D:3      | Reached skill level 1 in Armour
  1690 | D:2      | Reached XP level 4. HP: 33/33 MP: 3/6
  2706 | D:4      | Reached skill level 1 in Short Blades
  2706 | D:4      | Reached skill level 1 in Axes
  2706 | D:4      | Reached XP level 5. HP: 39/39 MP: 1/8
  2851 | D:4      | Identified the ring of Teqy {rElec Int+6}
  2877 | D:4      | Noticed an ogre
  2902 | D:4      | Killed an ogre
  2903 | D:4      | Reached XP level 6. HP: 24/46 MP: 3/9
  2921 | D:4      | Reached skill level 2 in Axes
  3233 | D:4      | Noticed a black bear
  3449 | D:4      | Killed a black bear
  3450 | D:4      | Reached skill level 1 in Fighting
  3450 | D:4      | Reached skill level 5 in Fire Magic
  3600 | D:5      | Entered Level 5 of the Dungeon
  3921 | D:5      | Reached XP level 7. HP: 52/52 MP: 4/11
  4054 | D:5      | Reached skill level 3 in Axes
  4152 | D:5      | Found a bloodstained altar of Trog.
  4482 | D:6      | Reached skill level 4 in Axes
  4533 | D:6      | Learned a level 1 spell: Slow
  4536 | D:6      | Learned a level 2 spell: Blink
  4540 | D:6      | Learned a level 3 spell: Volatile Blastmotes
  4636 | D:6      | Became a worshipper of Beogh the Brigand
  4926 | D:6      | Found a staircase to the Ecumenical Temple.
  4963 | D:6      | Reached XP level 8. HP: 43/61 MP: 6/13
  5360 | D:7      | Found a blossoming altar of Fedhas.
  5446 | D:6      | Reached skill level 5 in Axes
  5835 | D:7      | Noticed a komodo dragon
  6042 | D:7      | Killed a komodo dragon
  6043 | D:7      | Reached skill level 6 in Axes
  6043 | D:7      | Reached XP level 9. HP: 6/68 MP: 5/15
  6399 | D:8      | Noticed a two-headed ogre
  6625 | D:8      | Killed a two-headed ogre
  6626 | D:8      | Reached skill level 1 in Translocations
  6725 | D:8      | Reached skill level 5 in Spellcasting
  7248 | D:8      | Reached skill level 7 in Axes
  7344 | D:8      | Found a sparkling altar of Nemelex Xobeh.
  7344 | D:8      | Found a faded altar of an unknown god.
  7352 | D:8      | Found a glowing golden altar of the Shining One.
  7357 | D:8      | Found a white marble altar of Elyvilon.
  7359 | D:8      | Found a faded altar of an unknown god.
  7896 | D:8      | Reached * piety under Beogh
  8110 | D:8      | Reached XP level 10. HP: 40/77 MP: 10/18
  8340 | D:9      | Found an ornate altar of the Wu Jian Council.
  8345 | D:8      | Reached skill level 8 in Axes
  8516 | D:9      | Found a hide-covered altar of Uskayaw.
  8687 | D:9      | Found an iron altar of Okawaru.
  9018 | D:9      | Learned a level 1 spell: Freeze
  9023 | D:9      | Learned a level 4 spell: Flame Wave
  9727 | D:10     | Entered Level 10 of the Dungeon
  9921 | D:10     | Reached skill level 9 in Axes
 10136 | D:10     | Found Zin's Purification Station.
 10138 | D:10     | Found a glowing silver altar of Zin.
 10144 | D:10     | Bought a potion of curing for 90 gold pieces
 10178 | D:10     | Found the Hermit's Pendant {Faith Invo=14 Evo=0 MP+5}
 10191 | D:10     | Noticed Sonja
 10192 | D:10     | Paralysed by a hornet for 1 turns
 10214 | D:10     | HP: 1/77 [asphyx]
 10220 | D:10     | Succumbed to Sonja's curare-tipped dart

Illustrated notes

Levels and vault maps discovered:
D:1:      psy_arrival_radial02, layout_rooms, serial_bayou,
          serial_bayou_crossing, serial_bayou_lake_a, serial_bayou_ford_a,
          serial_bayou_pond_c, serial_bayou_pond_b, serial_bayou_pond_e
D:2:      layout_basic
D:3:      layout_basic
D:4:      layout_cave_pools
D:5:      layout_rooms, amcnicky_altar_gilded
D:6:      layout_basic, temple_green
D:7:      layout_cave_pools, fedhas_altar_1
D:8:      layout_loops_ring, chequers_temple_overflow_minitemple, enter_bailey_2
D:9:      layout_irregular_city, okawaru_gym_becter, lemuel_crystal_altar,
          lemuel_tele_altar, st_stairs_13
D:10:     layout_irregular_city, zin_purify, kennysheep_generic_room_2,
          uniq_sonja, uniq_psyche

Skill      XL: |  1  2  3  4  5  6  7  8  9 10 |
---------------+-------------------------------+-----
Dodging        | 2 |  2.5
Fire Magic     | 4 5 6 8 |  8.8
Armour         | 1 2 3 |  3.5
Spellcasting   | 2 3 4 5 6 |  6.7
Short Blades   | 1 2 3 |  3.5
Axes           | 1 2 4 6 7 9 |  9.1
Fighting       | 1 2 3 |  3.6
Conjurations   | 2 |  2.8
Stealth        | 2 |  2.1
Translocations | 2 |  2.6
Shields        | |  0.8

Action                     |  1- 3 |  4- 6 |  7- 9 | 10-12 || total
---------------------------+-------+-------+-------+-------++-------
  Melee: Dagger            |    78 |    48 |    61 |       ||   187
         Punch             |     1 |       |     3 |       ||     4
         War axe           |       |     7 |       |       ||     7
         Short sword       |       |       |    13 |       ||    13
         Hand axe          |       |       |    22 |    19 ||    41
   Cast: Foxfire           |    34 |    51 |    67 |    37 ||   189
         Scorch            |     3 |    17 |    64 |    39 ||   123
         Blink             |       |       |     3 |     1 ||     4
         Volatile Blastmot |       |       |    22 |    15 ||    37
         Slow              |       |       |     1 |       ||     1
 Invoke: Convert to Beogh  |       |       |     1 |       ||     1
    Use: Scroll            |       |       |     1 |       ||     1
         Potion            |       |       |       |     5 ||     5
   Stab: Sleeping          |       |     2 |       |       ||     2
 Armour: Ring mail         |    25 |       |       |       ||    25
         Leather armour    |    15 |    35 |    79 |    53 ||   182
  Dodge: Dodged            |    62 |    38 |    95 |    49 ||   244
  Block: Other             |       |    16 |     8 |       ||    24
